Canucks vs Wild

Created - December 23 2011 at 18:14

Goals
1 2 3 T
Canucks 1 1 1 3
Wild 0 0 0 0
Shots
1 2 3 T
Canucks 11 12 9 32
Wild 8 7 6 21

Period #1

1. Canucks , James van Riemsdyk 10 (Brooks Laich, Alex Pietrangelo) at 5:28 (PP)

Penalties :
Matthew Carle (VAN) for Interference (Minor) at 2:37, Ryan Getzlaf (MIN) for Cross-checking (Minor) at 5:08, Mike Modano (MIN) for High sticking (Minor) at 6:22, Rene Bourque (MIN) for High sticking (Minor) at 8:59, Alexei Ponikarovsky (MIN) for Roughing (Minor) at 11:40, Rene Bourque (MIN) for Holding Stick (Minor) at 15:56, Colin White (MIN) for Goalie Interference (Minor) at 15:59, Tom Gilbert (MIN) for Holding (Minor) at 19:01

Period #2

2. Canucks , James van Riemsdyk 11 (Alex Pietrangelo, Dmitry Kulikov) at 1:38 (PP)

Penalties :
Niclas Wallin (MIN) for High sticking (Minor) at 1:14, Andrew Ebbett (MIN) for Fighting (Major) at 2:28, Kris Russell (VAN) for Fighting (Major) at 2:28, Michal Rozsival (MIN) for Tripping (Minor) at 10:36, Erik Karlsson (VAN) for Hooking (Minor) at 14:46

Period #3

3. Canucks , Erik Karlsson 7 (Matthew Carle) at 9:20

Penalties :
Dmitry Kulikov (VAN) for Interference (Minor) at 13:55, David Backes (VAN) for Cross-checking (Minor) at 19:57

Goalie Stats

Jaroslav Halak (VAN), 21 saves from 21 shots - (1.000), W, 5-6-1, 60:00 minutes
Craig Anderson (MIN), 29 saves from 32 shots - (0.906), L, 16-16-3, 60:00 minutes

Players Stats

Canucks
Player Name              G  A  P  +/- PIM S  H  SB FO    MP 
------------------------------------------------------------
Alex Pietrangelo         0  2  2   0  0   3  0  0  0/0   16 
Brandon Sutter           0  0  0   0  0   0  0  0  7/21  14 
Brooks Laich             0  1  1   0  0   3  1  0  13/24 15 
Corey Perry              0  0  0   1  0   4  1  0  3/6   22 
David Backes             0  0  0   0  2   3  1  0  1/2   12 
Dmitry Kulikov           0  1  1   0  2   1  1  1  0/0   18 
Duncan Keith             0  0  0   0  0   1  1  0  0/0   23 
Erik Karlsson            1  0  1   1  2   1  3  0  0/0   20 
Fedor Tyutin             0  0  0   0  0   1  1  1  0/0   14 
James van Riemsdyk       2  0  2   0  0   8  2  0  0/1   18 
Jannik Hansen            0  0  0   0  0   0  1  0  0/0   11 
Kris Russell             0  0  0   0  5   0  0  0  0/0   10 
Loui Eriksson            0  0  0   0  0   2  1  0  0/1   20 
Matthew Carle            0  1  1   1  2   0  1  2  0/0   18 
Phil Kessel              0  0  0   1  0   3  1  0  13/31 20 
Ryan OReilly             0  0  0   0  0   0  0  0  4/13  8  
Tomas Holmstrom          0  0  0   0  0   2  3  1  1/2   18 
Valtteri Filppula        0  0  0   1  0   0  1  0  0/2   16 
Wild
Player Name              G  A  P  +/- PIM S  H  SB FO    MP 
------------------------------------------------------------
Alexei Ponikarovsky      0  0  0  -1  2   3  1  0  0/1   15 
Andrew Ebbett            0  0  0   0  5   0  0  0  11/21 16 
Brian Gionta             0  0  0   0  0   1  0  0  0/0   16 
Christopher Higgins      0  0  0   0  0   2  4  1  1/2   16 
Colin White              0  0  0   0  2   0  0  3  0/0   6  
Joel Ward                0  0  0  -1  0   2  0  1  0/0   15 
Jon Sim                  0  0  0   0  0   0  0  0  1/1   5  
Joni Pitkanen            0  0  0   0  0   2  3  2  0/0   23 
Marc-Andre Bergeron      0  0  0   0  0   0  0  1  0/0   15 
Michal Rozsival          0  0  0   0  2   3  1  4  0/0   22 
Mike Modano              0  0  0  -1  2   2  1  0  13/30 19 
Milan Michalek           0  0  0   0  0   1  1  0  1/3   18 
Niclas Wallin            0  0  0  -1  2   1  0  0  0/0   17 
Radek Martinek           0  0  0  -1  0   1  1  1  0/0   15 
Rene Bourque             0  0  0   0  4   3  0  0  3/3   15 
Ruslan Fedotenko         0  0  0   0  0   0  1  0  1/2   6  
Ryan Getzlaf             0  0  0   0  2   0  2  1  30/40 24 
Tom Gilbert              0  0  0   0  2   0  0  0  0/0   20 

3 Stars

1 - Jaroslav Halak (VAN)
2 - James van Riemsdyk (VAN)
3 - Erik Karlsson (VAN)

Power Play

Canucks - 2 on 9 Attempt(s) - 22.22%
Wild - 0 on 4 Attempt(s) - 0.00%

Penalty Kill

Canucks - 4 on 4 Attempt(s) - 100.00% - Score 0 goal in Penalty Kill
Wild - 7 on 9 Attempt(s) - 77.78% - Score 0 goal in Penalty Kill

Game Notes

Andrew Ebbett beats up Kris Russell at 2:28 of 2nd period

Finance

Level 1 -- Attendance: 4926 (75.78%) -- Ticket Income $492,600.00
Level 2 -- Attendance: 3732 (74.64%) -- Ticket Income $223,920.00
Level 3 -- Attendance: 2545 (72.71%) -- Ticket Income $89,075.00
Level 4 -- Attendance: 2064 (100.00%) -- Ticket Income $41,280.00
Luxury Box -- Attendance: 751 (75.10%) -- Ticket Income $150,200.00
Game was played at the Xcel Energy Center
Total Attendance: 14018 (77.60%)
Total Ticket Income: $1,089,249.00
Other Income: $195,676.80
Total Income: $1,284,926.00


Play by Play

Period #1

0:01 of 1st period - Phil Kessel wins face-off versus Ryan Getzlaf in neutral zone.
0:04 of 1st period - Michal Rozsival is hit by Corey Perry and loses puck.
0:44 of 1st period - Shot by Phil Kessel.
0:44 of 1st period - Shot Misses the Net.
1:18 of 1st period - Shot by Brian Gionta.
1:18 of 1st period - Deflect By Rene Bourque.
1:18 of 1st period - Shot Misses the Net.
2:37 of 1st period - Minor Penalty to Matthew Carle for Interference.
2:38 of 1st period - Ryan Getzlaf wins face-off versus Corey Perry in Canucks zone.
2:42 of 1st period - Shot by Michal Rozsival.
2:42 of 1st period - Stopped by Jaroslav Halak with a rebound.
2:44 of 1st period - Shot by Joni Pitkanen.
2:44 of 1st period - Stopped by Jaroslav Halak without a rebound.
2:45 of 1st period - Brandon Sutter wins face-off versus Andrew Ebbett in Canucks zone.
2:45 of 1st period - Brandon Sutter is hit by Christopher Higgins.
3:01 of 1st period - Shot by Christopher Higgins.
3:01 of 1st period - Stopped by Jaroslav Halak without a rebound.
3:02 of 1st period - Ryan Getzlaf wins face-off versus Corey Perry in Canucks zone.
3:10 of 1st period - Icing by Brian Gionta.
3:11 of 1st period - Ryan Getzlaf wins face-off versus Brandon Sutter in Wild zone.
3:33 of 1st period - Shot by Joni Pitkanen.
3:33 of 1st period - Stopped by Jaroslav Halak without a rebound.
3:34 of 1st period - Corey Perry wins face-off versus Milan Michalek in Canucks zone.
3:49 of 1st period - Corey Perry is hit by Christopher Higgins.
3:57 of 1st period - Corey Perry is hit by Christopher Higgins and loses puck.
4:12 of 1st period - Milan Michalek is hit by Jannik Hansen and loses puck.
4:46 of 1st period - Shot by Mike Modano.
4:46 of 1st period - Deflect By Alexei Ponikarovsky.
4:46 of 1st period - Shot Misses the Net.
5:00 of 1st period - Shot by Alexei Ponikarovsky.
5:00 of 1st period - Stopped by Jaroslav Halak without a rebound.
5:01 of 1st period - Ryan Getzlaf wins face-off versus Brooks Laich in Canucks zone.
5:04 of 1st period - Shot by Milan Michalek.
5:04 of 1st period - Stopped by Jaroslav Halak without a rebound.
5:05 of 1st period - Brooks Laich wins face-off versus Ryan Getzlaf in Canucks zone.
5:05 of 1st period - Brooks Laich is hit by Ryan Getzlaf.
5:08 of 1st period - Minor Penalty to Ryan Getzlaf for Cross-checking.
5:09 of 1st period - Rene Bourque wins face-off versus Brooks Laich in Wild zone.
5:28 of 1st period - Shot by James van Riemsdyk.
5:28 of 1st period - Goal by James van Riemsdyk - Canucks : 1 - Wild : 0.
5:29 of 1st period - Ryan Getzlaf wins face-off versus Phil Kessel in neutral zone.
5:51 of 1st period - Icing by Joni Pitkanen.
5:52 of 1st period - Ryan Getzlaf wins face-off versus Ryan OReilly in Wild zone.
6:22 of 1st period - Minor Penalty to Mike Modano for High sticking.
6:23 of 1st period - Andrew Ebbett wins face-off versus Brooks Laich in Wild zone.
6:23 of 1st period - Andrew Ebbett is hit by Tomas Holmstrom.
7:00 of 1st period - Shot by Alex Pietrangelo.
7:00 of 1st period - Stopped by Craig Anderson without a rebound.
7:01 of 1st period - Andrew Ebbett wins face-off versus Phil Kessel in Wild zone.
7:31 of 1st period - Shot by Duncan Keith.
7:31 of 1st period - Shot Misses the Net.
7:33 of 1st period - Shot by Duncan Keith.
7:33 of 1st period - Stopped by Craig Anderson without a rebound.
7:34 of 1st period - Ryan Getzlaf wins face-off versus Brooks Laich in Wild zone.
8:53 of 1st period - Shot by Alexei Ponikarovsky.
8:53 of 1st period - Stopped by Jaroslav Halak with a rebound.
8:55 of 1st period - Shot by Mike Modano.
8:55 of 1st period - Stopped by Jaroslav Halak without a rebound.
8:56 of 1st period - Andrew Ebbett wins face-off versus Phil Kessel in Canucks zone.
8:56 of 1st period - Andrew Ebbett is hit by Erik Karlsson.
8:58 of 1st period - Shot by Rene Bourque.
8:58 of 1st period - Shot Misses the Net.
8:59 of 1st period - Minor Penalty to Rene Bourque for High sticking.
9:00 of 1st period - Phil Kessel wins face-off versus Mike Modano in Wild zone.
9:09 of 1st period - Shot by Corey Perry.
9:09 of 1st period - Stopped by Craig Anderson without a rebound.
9:10 of 1st period - Brooks Laich wins face-off versus Mike Modano in Wild zone.
9:35 of 1st period - Shot by Tomas Holmstrom.
9:35 of 1st period - Stopped by Craig Anderson without a rebound.
9:36 of 1st period - Ruslan Fedotenko wins face-off versus Phil Kessel in Wild zone.
10:27 of 1st period - Shot by Alex Pietrangelo.
10:27 of 1st period - Stopped by Craig Anderson without a rebound.
10:28 of 1st period - Brooks Laich wins face-off versus Andrew Ebbett in Wild zone.
10:44 of 1st period - Off-side.
10:45 of 1st period - Phil Kessel wins face-off versus Mike Modano in neutral zone.
10:48 of 1st period - Shot by Corey Perry.
10:48 of 1st period - Shot Blocked by Colin White.
10:53 of 1st period - Shot by Duncan Keith.
10:53 of 1st period - Shot Blocked by Colin White.
10:55 of 1st period - Shot by Erik Karlsson.
10:55 of 1st period - Shot Misses the Net.
10:57 of 1st period - Shot by David Backes.
10:57 of 1st period - Stopped by Craig Anderson with a rebound.
11:15 of 1st period - Shot by Corey Perry.
11:15 of 1st period - Deflect By Phil Kessel.
11:15 of 1st period - Shot Blocked by Joel Ward.
11:40 of 1st period - Minor Penalty to Alexei Ponikarovsky for Roughing.
11:41 of 1st period - Ryan Getzlaf wins face-off versus Brooks Laich in Wild zone.
11:52 of 1st period - Shot by Alex Pietrangelo.
11:52 of 1st period - Shot Misses the Net.
11:54 of 1st period - Shot by Tomas Holmstrom.
11:54 of 1st period - Stopped by Craig Anderson with a rebound.
11:58 of 1st period - Shot by Alex Pietrangelo.
11:58 of 1st period - Shot Blocked by Joni Pitkanen.
12:00 of 1st period - Shot by Alex Pietrangelo.
12:00 of 1st period - Shot Misses the Net.
12:02 of 1st period - Shot by Dmitry Kulikov.
12:02 of 1st period - Shot Misses the Net.
12:04 of 1st period - Shot by Tomas Holmstrom.
12:04 of 1st period - Shot Hit the Post.
12:23 of 1st period - Icing by Duncan Keith.
12:24 of 1st period - David Backes wins face-off versus Mike Modano in Canucks zone.
12:24 of 1st period - David Backes is hit by Ruslan Fedotenko.
14:09 of 1st period - Shot by Loui Eriksson.
14:09 of 1st period - Shot Blocked by Radek Martinek.
14:24 of 1st period - Icing by Radek Martinek.
14:25 of 1st period - Phil Kessel wins face-off versus Andrew Ebbett in Wild zone.
14:37 of 1st period - Valtteri Filppula is hit by Radek Martinek and loses puck.
15:01 of 1st period - Icing by Corey Perry.
15:02 of 1st period - Phil Kessel wins face-off versus Ryan Getzlaf in Canucks zone.
15:04 of 1st period - Icing by Erik Karlsson.
15:05 of 1st period - Ryan Getzlaf wins face-off versus Phil Kessel in Canucks zone.
15:05 of 1st period - Marc-Andre Bergeron is hit by Erik Karlsson.
15:56 of 1st period - Minor Penalty to Rene Bourque for Holding Stick.
15:57 of 1st period - Brooks Laich wins face-off versus Ruslan Fedotenko in Wild zone.
15:59 of 1st period - Minor Penalty to Colin White for Goalie Interference.
16:00 of 1st period - Mike Modano wins face-off versus Brooks Laich in Wild zone.
16:00 of 1st period - Mike Modano is hit by Brooks Laich.
16:07 of 1st period - Icing by Alex Pietrangelo.
16:08 of 1st period - Brooks Laich wins face-off versus Mike Modano in Canucks zone.
16:08 of 1st period - Brooks Laich is hit by Mike Modano.
16:13 of 1st period - Off-side.
16:14 of 1st period - Mike Modano wins face-off versus Brooks Laich in neutral zone.
16:23 of 1st period - Shot by Mike Modano.
16:23 of 1st period - Shot Blocked by Tomas Holmstrom.
16:27 of 1st period - Shot by Mike Modano.
16:27 of 1st period - Shot Misses the Net.
16:29 of 1st period - Shot by Mike Modano.
16:29 of 1st period - Shot Blocked by Dmitry Kulikov.
16:39 of 1st period - Shot by Alex Pietrangelo.
16:39 of 1st period - Shot Misses the Net.
16:58 of 1st period - Icing by Tomas Holmstrom.
16:59 of 1st period - Ryan Getzlaf wins face-off versus Brooks Laich in Canucks zone.
17:46 of 1st period - Shot by Erik Karlsson.
17:46 of 1st period - Shot Misses the Net.
18:19 of 1st period - Shot by Loui Eriksson.
18:19 of 1st period - Shot Misses the Net.
18:21 of 1st period - Shot by Loui Eriksson.
18:21 of 1st period - Stopped by Craig Anderson without a rebound.
18:22 of 1st period - Phil Kessel wins face-off versus Andrew Ebbett in Wild zone.
18:22 of 1st period - Phil Kessel is hit by Joni Pitkanen.
19:01 of 1st period - Minor Penalty to Tom Gilbert for Holding.
19:02 of 1st period - Brooks Laich wins face-off versus Mike Modano in Wild zone.
19:03 of 1st period - Shot by James van Riemsdyk.
19:03 of 1st period - Stopped by Craig Anderson without a rebound.
19:04 of 1st period - Brooks Laich wins face-off versus Mike Modano in Wild zone.
19:13 of 1st period - Shot by Alex Pietrangelo.
19:13 of 1st period - Stopped by Craig Anderson with a rebound.

Period #2

0:01 of 2nd period - Ryan Getzlaf wins face-off versus Phil Kessel in neutral zone.
0:29 of 2nd period - Off-side.
0:30 of 2nd period - Brooks Laich wins face-off versus Ryan Getzlaf in neutral zone.
0:55 of 2nd period - Shot by Brooks Laich.
0:55 of 2nd period - Stopped by Craig Anderson without a rebound.
0:56 of 2nd period - Corey Perry wins face-off versus Mike Modano in Wild zone.
1:01 of 2nd period - Shot by Phil Kessel.
1:01 of 2nd period - Stopped by Craig Anderson without a rebound.
1:02 of 2nd period - Ryan OReilly wins face-off versus Mike Modano in Wild zone.
1:14 of 2nd period - Minor Penalty to Niclas Wallin for High sticking.
1:15 of 2nd period - Brooks Laich wins face-off versus Mike Modano in Wild zone.
1:36 of 2nd period - Shot by James van Riemsdyk.
1:36 of 2nd period - Shot Misses the Net.
1:38 of 2nd period - Shot by James van Riemsdyk.
1:38 of 2nd period - Goal by James van Riemsdyk - Canucks : 2 - Wild : 0.
1:39 of 2nd period - Phil Kessel wins face-off versus Ryan Getzlaf in neutral zone.
1:52 of 2nd period - Corey Perry is hit by Michal Rozsival and loses puck.
1:59 of 2nd period - Shot by Phil Kessel.
1:59 of 2nd period - Shot Blocked by Christopher Higgins.
2:03 of 2nd period - Shot by Corey Perry.
2:03 of 2nd period - Stopped by Craig Anderson without a rebound.
2:04 of 2nd period - Rene Bourque wins face-off versus Ryan OReilly in Wild zone.
2:28 of 2nd period - Andrew Ebbett beats up Kris Russell.
2:28 of 2nd period - Penalty to Andrew Ebbett for Fighting.
2:28 of 2nd period - Penalty to Kris Russell for Fighting.
2:29 of 2nd period - Mike Modano wins face-off versus Brandon Sutter in Canucks zone.
2:49 of 2nd period - Icing by Dmitry Kulikov.
2:50 of 2nd period - Ryan Getzlaf wins face-off versus Brandon Sutter in Canucks zone.
2:50 of 2nd period - Michal Rozsival is hit by Fedor Tyutin and loses puck.
3:22 of 2nd period - Icing by Michal Rozsival.
3:23 of 2nd period - Ryan Getzlaf wins face-off versus Phil Kessel in Wild zone.
4:00 of 2nd period - Shot by Corey Perry.
4:00 of 2nd period - Stopped by Craig Anderson without a rebound.
4:01 of 2nd period - Brooks Laich wins face-off versus Mike Modano in Wild zone.
4:01 of 2nd period - Brooks Laich is hit by Joni Pitkanen.
4:04 of 2nd period - Loui Eriksson is hit by Joni Pitkanen and loses puck.
5:21 of 2nd period - Shot by Dmitry Kulikov.
5:21 of 2nd period - Stopped by Craig Anderson without a rebound.
5:22 of 2nd period - Milan Michalek wins face-off versus Phil Kessel in Wild zone.
5:42 of 2nd period - Milan Michalek is hit by Matthew Carle.
5:48 of 2nd period - Shot by Niclas Wallin.
5:48 of 2nd period - Stopped by Jaroslav Halak without a rebound.
5:49 of 2nd period - Christopher Higgins wins face-off versus Brandon Sutter in Canucks zone.
6:08 of 2nd period - Shot by James van Riemsdyk.
6:08 of 2nd period - Stopped by Craig Anderson without a rebound.
6:09 of 2nd period - Ryan Getzlaf wins face-off versus Ryan OReilly in Wild zone.
6:47 of 2nd period - Off-side.
6:48 of 2nd period - Mike Modano wins face-off versus Brandon Sutter in neutral zone.
7:33 of 2nd period - Icing by Ryan Getzlaf.
7:34 of 2nd period - Phil Kessel wins face-off versus Ryan Getzlaf in Wild zone.
7:39 of 2nd period - Shot by Corey Perry.
7:39 of 2nd period - Stopped by Craig Anderson without a rebound.
7:40 of 2nd period - Mike Modano wins face-off versus Phil Kessel in Wild zone.
8:09 of 2nd period - Shot by Corey Perry.
8:09 of 2nd period - Shot Misses the Net.
8:58 of 2nd period - Icing by Michal Rozsival.
8:59 of 2nd period - Ryan Getzlaf wins face-off versus Brandon Sutter in Wild zone.
8:59 of 2nd period - Christopher Higgins is hit by Tomas Holmstrom and loses puck.
9:18 of 2nd period - Shot by Milan Michalek.
9:18 of 2nd period - Shot Blocked by Fedor Tyutin.
9:40 of 2nd period - Shot by Rene Bourque.
9:40 of 2nd period - Shot Misses the Net.
9:44 of 2nd period - Shot by Brian Gionta.
9:44 of 2nd period - Deflect By Rene Bourque.
9:44 of 2nd period - Shot Misses the Net.
9:48 of 2nd period - Shot by Brian Gionta.
9:48 of 2nd period - Stopped by Jaroslav Halak without a rebound.
9:49 of 2nd period - Andrew Ebbett wins face-off versus Ryan OReilly in Canucks zone.
9:49 of 2nd period - Joni Pitkanen is hit by Duncan Keith and loses puck.
10:18 of 2nd period - Off-side.
10:19 of 2nd period - Mike Modano wins face-off versus Valtteri Filppula in neutral zone.
10:27 of 2nd period - Icing by Corey Perry.
10:28 of 2nd period - Ryan Getzlaf wins face-off versus Phil Kessel in Canucks zone.
10:36 of 2nd period - Minor Penalty to Michal Rozsival for Tripping.
10:37 of 2nd period - Ryan Getzlaf wins face-off versus Brooks Laich in Wild zone.
10:37 of 2nd period - Joni Pitkanen is hit by James van Riemsdyk and loses puck.
10:52 of 2nd period - Shot by Dmitry Kulikov.
10:52 of 2nd period - Shot Misses the Net.
10:56 of 2nd period - Shot by Tomas Holmstrom.
10:56 of 2nd period - Shot Misses the Net.
10:58 of 2nd period - Shot by James van Riemsdyk.
10:58 of 2nd period - Stopped by Craig Anderson with a rebound.
11:00 of 2nd period - Shot by Dmitry Kulikov.
11:00 of 2nd period - Shot Misses the Net.
11:02 of 2nd period - Shot by James van Riemsdyk.
11:02 of 2nd period - Shot Blocked by Colin White.
11:04 of 2nd period - Shot by James van Riemsdyk.
11:04 of 2nd period - Stopped by Craig Anderson without a rebound.
11:05 of 2nd period - Jon Sim wins face-off versus Phil Kessel in Wild zone.
12:36 of 2nd period - Off-side.
12:37 of 2nd period - Ryan Getzlaf wins face-off versus Ryan OReilly in neutral zone.
12:37 of 2nd period - Marc-Andre Bergeron is hit by Loui Eriksson and loses puck.
12:51 of 2nd period - Shot by Loui Eriksson.
12:51 of 2nd period - Stopped by Craig Anderson without a rebound.
12:52 of 2nd period - Mike Modano wins face-off versus Phil Kessel in Wild zone.
13:01 of 2nd period - Shot by Alexei Ponikarovsky.
13:01 of 2nd period - Stopped by Jaroslav Halak without a rebound.
13:02 of 2nd period - Andrew Ebbett wins face-off versus Ryan OReilly in Canucks zone.
13:19 of 2nd period - Shot by Rene Bourque.
13:19 of 2nd period - Stopped by Jaroslav Halak with a rebound.
13:53 of 2nd period - Shot by Christopher Higgins.
13:53 of 2nd period - Shot Misses the Net.
14:12 of 2nd period - Ryan Getzlaf is hit by Erik Karlsson and loses puck.
14:33 of 2nd period - Shot by Radek Martinek.
14:33 of 2nd period - Shot Blocked by Matthew Carle.
14:46 of 2nd period - Minor Penalty to Erik Karlsson for Hooking.
14:47 of 2nd period - Andrew Ebbett wins face-off versus David Backes in Canucks zone.
14:54 of 2nd period - Shot by Rene Bourque.
14:54 of 2nd period - Stopped by Jaroslav Halak without a rebound.
14:55 of 2nd period - Brandon Sutter wins face-off versus Andrew Ebbett in Canucks zone.
16:00 of 2nd period - Shot by Michal Rozsival.
16:00 of 2nd period - Stopped by Jaroslav Halak without a rebound.
16:01 of 2nd period - Rene Bourque wins face-off versus Corey Perry in Canucks zone.
16:41 of 2nd period - Icing by Christopher Higgins.
16:42 of 2nd period - Corey Perry wins face-off versus Andrew Ebbett in Wild zone.
16:47 of 2nd period - Shot by Phil Kessel.
16:47 of 2nd period - Stopped by Craig Anderson without a rebound.
16:48 of 2nd period - Mike Modano wins face-off versus Valtteri Filppula in Wild zone.
17:22 of 2nd period - Off-side.
17:23 of 2nd period - Andrew Ebbett wins face-off versus Loui Eriksson in neutral zone.
17:45 of 2nd period - Icing by Alex Pietrangelo.
17:46 of 2nd period - Brooks Laich wins face-off versus Ryan Getzlaf in Canucks zone.
18:16 of 2nd period - Shot by Christopher Higgins.
18:16 of 2nd period - Stopped by Jaroslav Halak without a rebound.
18:17 of 2nd period - Mike Modano wins face-off versus Brandon Sutter in Canucks zone.
18:25 of 2nd period - Off-side.
18:26 of 2nd period - Mike Modano wins face-off versus Phil Kessel in neutral zone.
19:19 of 2nd period - Shot by James van Riemsdyk.
19:19 of 2nd period - Deflect By Tomas Holmstrom.
19:19 of 2nd period - Shot Misses the Net.
19:32 of 2nd period - Icing by James van Riemsdyk.
19:33 of 2nd period - Brandon Sutter wins face-off versus Ryan Getzlaf in Canucks zone.

Period #3

0:01 of 3rd period - Ryan Getzlaf wins face-off versus Phil Kessel in neutral zone.
0:09 of 3rd period - Icing by Matthew Carle.
0:10 of 3rd period - Phil Kessel wins face-off versus Andrew Ebbett in Canucks zone.
0:25 of 3rd period - Shot by Valtteri Filppula.
0:25 of 3rd period - Shot Misses the Net.
0:37 of 3rd period - Shot by Phil Kessel.
0:37 of 3rd period - Stopped by Craig Anderson with a rebound.
0:39 of 3rd period - Shot by Phil Kessel.
0:39 of 3rd period - Shot Misses the Net.
0:41 of 3rd period - Shot by Matthew Carle.
0:41 of 3rd period - Shot Blocked by Joni Pitkanen.
1:34 of 3rd period - Shot by David Backes.
1:34 of 3rd period - Deflect By Brooks Laich.
1:34 of 3rd period - Stopped by Craig Anderson with a rebound.
1:36 of 3rd period - Shot by Alex Pietrangelo.
1:36 of 3rd period - Shot Misses the Net.
1:40 of 3rd period - Shot by Loui Eriksson.
1:40 of 3rd period - Shot Blocked by Michal Rozsival.
1:42 of 3rd period - Shot by Loui Eriksson.
1:42 of 3rd period - Deflect By David Backes.
1:42 of 3rd period - Shot Misses the Net.
1:49 of 3rd period - Icing by Michal Rozsival.
1:50 of 3rd period - Ryan Getzlaf wins face-off versus Brandon Sutter in Wild zone.
1:55 of 3rd period - Shot by Michal Rozsival.
1:55 of 3rd period - Stopped by Jaroslav Halak without a rebound.
1:56 of 3rd period - Brandon Sutter wins face-off versus Mike Modano in Canucks zone.
2:27 of 3rd period - Shot by Tomas Holmstrom.
2:27 of 3rd period - Deflect By James van Riemsdyk.
2:27 of 3rd period - Shot Misses the Net.
2:40 of 3rd period - Icing by James van Riemsdyk.
2:41 of 3rd period - Andrew Ebbett wins face-off versus Brandon Sutter in Canucks zone.
3:07 of 3rd period - Icing by Matthew Carle.
3:08 of 3rd period - Phil Kessel wins face-off versus Ryan Getzlaf in Canucks zone.
3:19 of 3rd period - Christopher Higgins is hit by Phil Kessel and loses puck.
3:35 of 3rd period - Icing by Phil Kessel.
3:36 of 3rd period - Andrew Ebbett wins face-off versus Phil Kessel in Canucks zone.
4:58 of 3rd period - Shot by James van Riemsdyk.
4:58 of 3rd period - Stopped by Craig Anderson without a rebound.
4:59 of 3rd period - Ryan Getzlaf wins face-off versus Brandon Sutter in Wild zone.
5:22 of 3rd period - Shot by Tomas Holmstrom.
5:22 of 3rd period - Shot Blocked by Michal Rozsival.
5:24 of 3rd period - Shot by Tomas Holmstrom.
5:24 of 3rd period - Shot Misses the Net.
5:28 of 3rd period - Shot by James van Riemsdyk.
5:28 of 3rd period - Shot Blocked by Michal Rozsival.
5:32 of 3rd period - Shot by Brandon Sutter.
5:32 of 3rd period - Shot Blocked by Marc-Andre Bergeron.
5:34 of 3rd period - Shot by Brandon Sutter.
5:34 of 3rd period - Shot Blocked by Ryan Getzlaf.
5:46 of 3rd period - Shot by Phil Kessel.
5:46 of 3rd period - Shot Misses the Net.
5:48 of 3rd period - Shot by Phil Kessel.
5:48 of 3rd period - Shot Misses the Net.
6:01 of 3rd period - Icing by Erik Karlsson.
6:02 of 3rd period - Mike Modano wins face-off versus Phil Kessel in Canucks zone.
6:35 of 3rd period - Shot by Mike Modano.
6:35 of 3rd period - Shot Misses the Net.
7:15 of 3rd period - Icing by Joni Pitkanen.
7:16 of 3rd period - Andrew Ebbett wins face-off versus Brandon Sutter in Wild zone.
7:16 of 3rd period - Andrew Ebbett is hit by James van Riemsdyk.
7:37 of 3rd period - Rene Bourque is hit by Dmitry Kulikov and loses puck.
8:07 of 3rd period - Icing by Joni Pitkanen.
8:08 of 3rd period - Brooks Laich wins face-off versus Andrew Ebbett in Wild zone.
8:11 of 3rd period - Shot by David Backes.
8:11 of 3rd period - Shot Misses the Net.
8:13 of 3rd period - Shot by Loui Eriksson.
8:13 of 3rd period - Shot Misses the Net.
8:17 of 3rd period - Shot by David Backes.
8:17 of 3rd period - Shot Hit the Post.
8:21 of 3rd period - Shot by Loui Eriksson.
8:21 of 3rd period - Deflect By David Backes.
8:21 of 3rd period - Stopped by Craig Anderson with a rebound.
8:23 of 3rd period - Shot by Alex Pietrangelo.
8:23 of 3rd period - Shot Misses the Net.
8:27 of 3rd period - Shot by Brooks Laich.
8:27 of 3rd period - Stopped by Craig Anderson without a rebound.
8:28 of 3rd period - Ryan OReilly wins face-off versus Ryan Getzlaf in Wild zone.
8:42 of 3rd period - Icing by Ryan OReilly.
8:43 of 3rd period - Ryan OReilly wins face-off versus Mike Modano in Canucks zone.
9:00 of 3rd period - Shot by Loui Eriksson.
9:00 of 3rd period - Shot Misses the Net.
9:02 of 3rd period - Shot by Jannik Hansen.
9:02 of 3rd period - Deflect By Loui Eriksson.
9:02 of 3rd period - Shot Misses the Net.
9:04 of 3rd period - Shot by Ryan OReilly.
9:04 of 3rd period - Shot Misses the Net.
9:20 of 3rd period - Shot by Erik Karlsson.
9:20 of 3rd period - Goal by Erik Karlsson - Canucks : 3 - Wild : 0.
9:21 of 3rd period - Tomas Holmstrom wins face-off versus Christopher Higgins in neutral zone.
9:21 of 3rd period - Tomas Holmstrom is hit by Ryan Getzlaf.
10:22 of 3rd period - Shot by Joel Ward.
10:22 of 3rd period - Stopped by Jaroslav Halak with a rebound.
10:24 of 3rd period - Shot by Radek Martinek.
10:24 of 3rd period - Stopped by Jaroslav Halak with a rebound.
10:58 of 3rd period - Rene Bourque is hit by Valtteri Filppula and loses puck.
11:20 of 3rd period - Shot by David Backes.
11:20 of 3rd period - Stopped by Craig Anderson without a rebound.
11:21 of 3rd period - Ryan Getzlaf wins face-off versus Ryan OReilly in Wild zone.
11:35 of 3rd period - Off-side.
11:36 of 3rd period - Brandon Sutter wins face-off versus Alexei Ponikarovsky in neutral zone.
11:45 of 3rd period - Shot by James van Riemsdyk.
11:45 of 3rd period - Deflect By Tomas Holmstrom.
11:45 of 3rd period - Shot Misses the Net.
11:54 of 3rd period - Off-side.
11:55 of 3rd period - Ryan Getzlaf wins face-off versus Brooks Laich in neutral zone.
13:03 of 3rd period - David Backes is hit by Alexei Ponikarovsky and loses puck.
13:17 of 3rd period - Icing by Radek Martinek.
13:18 of 3rd period - Brandon Sutter wins face-off versus Mike Modano in Wild zone.
13:31 of 3rd period - Shot by Fedor Tyutin.
13:31 of 3rd period - Stopped by Craig Anderson without a rebound.
13:32 of 3rd period - Phil Kessel wins face-off versus Andrew Ebbett in Wild zone.
13:54 of 3rd period - Shot by Rene Bourque.
13:54 of 3rd period - Stopped by Jaroslav Halak without a rebound.
13:55 of 3rd period - Ryan Getzlaf wins face-off versus Brandon Sutter in Canucks zone.
13:55 of 3rd period - Minor Penalty to Dmitry Kulikov for Interference.
13:56 of 3rd period - Brandon Sutter wins face-off versus Andrew Ebbett in Canucks zone.
14:28 of 3rd period - Matthew Carle is hit by Christopher Higgins and loses puck.
14:41 of 3rd period - Duncan Keith is hit by Milan Michalek and loses puck.
15:05 of 3rd period - Icing by Brian Gionta.
15:06 of 3rd period - Ryan Getzlaf wins face-off versus Brandon Sutter in Wild zone.
15:06 of 3rd period - Ryan Getzlaf is hit by David Backes.
15:24 of 3rd period - Shot by Jannik Hansen.
15:24 of 3rd period - Shot Blocked by Michal Rozsival.
16:03 of 3rd period - Icing by Matthew Carle.
16:04 of 3rd period - Phil Kessel wins face-off versus Mike Modano in Canucks zone.
16:18 of 3rd period - Icing by Erik Karlsson.
16:19 of 3rd period - Phil Kessel wins face-off versus Mike Modano in Canucks zone.
16:21 of 3rd period - Icing by Corey Perry.
16:22 of 3rd period - Mike Modano wins face-off versus Phil Kessel in Canucks zone.
16:38 of 3rd period - Icing by Alexei Ponikarovsky.
16:39 of 3rd period - Ryan OReilly wins face-off versus Mike Modano in Wild zone.
16:59 of 3rd period - Icing by Ryan OReilly.
17:00 of 3rd period - Ryan Getzlaf wins face-off versus Ryan OReilly in Canucks zone.
17:58 of 3rd period - Shot by James van Riemsdyk.
17:58 of 3rd period - Stopped by Craig Anderson without a rebound.
17:59 of 3rd period - Andrew Ebbett wins face-off versus Phil Kessel in Wild zone.
18:30 of 3rd period - Shot by Brian Gionta.
18:30 of 3rd period - Shot Blocked by Matthew Carle.
18:47 of 3rd period - Off-side.
18:48 of 3rd period - Mike Modano wins face-off versus Tomas Holmstrom in neutral zone.
19:05 of 3rd period - Shot by Mike Modano.
19:05 of 3rd period - Shot Misses the Net.
19:11 of 3rd period - Shot by Mike Modano.
19:11 of 3rd period - Stopped by Jaroslav Halak with a rebound.
19:13 of 3rd period - Shot by Joel Ward.
19:13 of 3rd period - Stopped by Jaroslav Halak without a rebound.
19:14 of 3rd period - Brooks Laich wins face-off versus Milan Michalek in Canucks zone.
19:18 of 3rd period - Off-side.
19:19 of 3rd period - Ryan Getzlaf wins face-off versus Ryan OReilly in neutral zone.
19:37 of 3rd period - Icing by Milan Michalek.
19:38 of 3rd period - Ryan Getzlaf wins face-off versus James van Riemsdyk in Wild zone.
19:38 of 3rd period - Ryan Getzlaf is hit by Tomas Holmstrom.
19:56 of 3rd period - Icing by Marc-Andre Bergeron.
19:57 of 3rd period - Ryan Getzlaf wins face-off versus Brooks Laich in Wild zone.
19:57 of 3rd period - Minor Penalty to David Backes for Cross-checking.
19:58 of 3rd period - Ryan Getzlaf wins face-off versus Brandon Sutter in Canucks zone.


Output by the SimonT Hockey Simulator (STHS) for Stephane Roy -- Original Page W3C XHTML 1.0 Valid